Map: Golden Wall LE

Players

GhostDog - Winner!

  • Race: Terran Terran
  • League: Silver
  • Spawn Location: 5:00

Throwfordays

  • Race: Zerg Zerg
  • League: Silver
  • Spawn Location: 7:00

VOD

Have the link to the VOD?

Description

Time

  • Played on: July 19, 2020, 10:34 p.m.
  • Length: 7:22
Show
View Real Time Build Order
Export as new Build Order

GhostDog Terran - Winner!

Build Orders: 1/1/1 

Get SALT Encoding   

  12  0:10  Supply Depot  
  12  0:14  SCV  
  13  0:26  SCV  
  14  0:38  SCV, Barracks  
  15  0:44  Refinery  
  15  0:52  Refinery  
  15  0:53  SCV  
  16  1:05  SCV  
  17  1:17  SCV  
  18  1:29  SCV  
  18  1:31  Factory  
  19  1:42  Barracks Tech Lab  
  19  1:47  Supply Depot  
  19  1:50  Supply Depot  
  19  1:53  SCV  
  20  2:05  SCV  
  21  2:17  SCV  
  22  2:24  Starport  
  22  2:27  Factory Tech Lab  
  22  2:29  SCV  
  23  2:34  Marine  
  24  2:47  Orbital Command  
  24  2:52  Marine  
  25  3:06  Starport Tech Lab  
  25  3:07  Fusion Core  
  25  3:30  Marine  
  25  3:32  Command Center  
  26  3:43  Siege Tank  
  26  3:47  SCV  
  26  3:48  Marine  
  31  3:59  SCV  
  32  4:03  Engineering Bay  
  32  4:29  Battlecruiser  
  39  4:38  SCV  
  39  4:42  Missile Turret  
  39  4:50  Barracks Tech Lab  
  38  5:11  Supply Depot  
  38  5:14  Supply Depot  
  38  5:20  Weapon Refit  
  38  5:21  Supply Depot x2  
  38  5:32  SCV  
  38  5:33  Planetary Fortress  
  39  5:45  SCV  
  41  5:57  SCV  
  41  6:09  SCV  
  42  6:21  SCV  
  31  6:56  Starport  
  31  6:59  Supply Depot  
  31  7:00  SCV  
  32  7:01  Supply Depot  
  32  7:03  SCV  
Show
View Real Time Build Order
Export as new Build Order

Throwfordays Zerg 

Build Orders: Hatch First, Zergling Baneling 

Get SALT Encoding   

  12  0:01  Drone  
  13  0:12  Overlord  
  13  0:22  Drone  
  14  0:34  Drone x2  
  16  0:49  Hatchery  
  15  0:53  Drone  
  15  0:56  Drone  
  17  1:10  Spawning Pool  
  16  1:17  Drone x2  
  18  1:21  Extractor  
  18  1:22  Drone  
  18  1:29  Overlord  
  18  1:40  Drone  
  19  1:56  Queen  
  19  1:58  Zergling x2  
  22  2:02  Zergling x2  
  22  2:03  Queen  
  22  2:07  Zergling x2  
  26  2:18  Drone  
  26  2:22  Drone  
  28  2:25  Extractor, Zergling x2  
  28  2:28  Drone  
  29  2:37  Zergling x2  
  29  2:40  Drone  
  31  2:46  Metabolic Boost  
  31  2:50  Drone  
  32  2:55  Drone  
  33  3:07  Zergling x4  
  33  3:08  Zergling x2  
  36  3:14  Overlord x3  
  36  3:24  Baneling Nest  
  36  3:26  Drone  
  36  3:35  Drone x3  
  36  3:39  Drone  
  40  3:42  Zergling x6  
  40  3:43  Zergling x2  
  44  3:51  Zergling x2  
  45  3:59  Overlord  
  45  4:04  Zergling x2  
  45  4:05  Zergling x6  
  45  4:09  Baneling x5  
  49  4:10  Baneling x5  
  49  4:11  Baneling  
  49  4:17  Drone x3  
  49  4:20  Drone  
  49  4:22  Drone  
  38  5:02  Zergling x6  
  38  5:03  Zergling x6  
  38  5:06  Zergling x4  
  38  5:07  Zergling x8  
  47  5:13  Lair  
  49  5:18  Zergling x2  
  49  5:20  Zergling x2  
  51  5:36  Zergling x4  
  51  5:37  Zergling x4  
  51  5:40  Zergling x6  
  51  5:41  Zergling x2  
  59  5:42  Baneling  
  59  5:43  Baneling x6  
  59  5:44  Baneling x6  
  59  5:45  Baneling  
  54  5:51  Spore Crawler  
  54  5:53  Spore Crawler  
  54  5:55  Spore Crawler  
  54  5:56  Spore Crawler  
  41  6:04  Spore Crawler  
  41  6:06  Spore Crawler  
  41  6:09  Spore Crawler  
  8  6:35  Queen  
  8  6:36  Drone x5  
  15  6:46  Drone  
  16  6:58  Drone x3  
  19  7:04  Drone  
Tags
 
Add a new tag
Caveats
  • Supply blocks, unpowered buildings, or Contaminate may cause inaccurate times.
  • Supply counts are checked every 10 seconds.